Map: [ESL] Data-C

Players

Neeb - Winner!

  • Race: Protoss Protoss
  • Spawn Location: 9:00

Bioice

  • Race: Zerg Zerg
  • Spawn Location: 3:00

Event: DreamHack SC2 Masters 2022 Atlanta (Online)

VOD

Have the link to the VOD?

Description

Time

  • Played on: Oct. 5, 2022, 3:23 p.m.
  • Length: 8:48

All games in this series

Show
View Real Time Build Order
Export as new Build Order

Neeb Protoss - Winner!

Build Orders: 1 Gate Expand, Oracle Opening 

Get SALT Encoding   

  12  0:00  Probe  
  13  0:12  Probe  
  14  0:17  Pylon  
  14  0:24  Probe (Chrono Boost)  
  15  0:36  Probe (Chrono Boost)  
  15  0:37  Gateway  
  16  0:44  Probe (Chrono Boost)  
  16  0:46  Assimilator  
  17  0:51  Probe  
  18  1:03  Probe  
  19  1:15  Probe  
  20  1:24  Nexus  
  20  1:33  Cybernetics Core  
  20  1:36  Probe  
  21  1:41  Assimilator  
  21  1:48  Probe  
  21  1:52  Pylon  
  22  2:00  Probe (Chrono Boost)  
  23  2:10  Adept  
  23  2:12  Probe (Chrono Boost)  
  26  2:18  Probe (Chrono Boost)  
  26  2:20  Stargate  
  27  2:27  Probe (Chrono Boost)  
  27  2:29  Warp Gate  
  28  2:37  Probe (Chrono Boost)  
  30  2:38  Probe (Chrono Boost)  
  30  2:40  Adept  
  34  2:45  Probe x2 (Chrono Boost)  
  34  2:50  Probe (Chrono Boost)  
  34  2:53  Probe  
  34  2:54  Pylon  
  36  3:02  Oracle (Chrono Boost), Probe  
  36  3:05  Probe  
  41  3:11  Gateway  
  41  3:14  Probe  
  41  3:17  Probe  
  43  3:26  Probe  
  44  3:29  Oracle (Chrono Boost), Probe  
  48  3:38  Probe  
  49  3:41  Nexus  
  49  3:46  Probe, Pylon  
  50  3:50  Probe  
  51  3:58  Probe  
  52  4:03  Probe  
  52  4:06  Twilight Council  
  52  4:08  Gateway  
  51  4:11  Gateway  
  51  4:12  Probe  
  53  4:17  Probe  
  53  4:21  Stalker  
  53  4:22  Adept  
  57  4:24  Probe  
  57  4:29  Probe  
  57  4:30  Pylon  
  59  4:33  Shield Battery, Assimilator  
  59  4:35  Assimilator  
  59  4:36  Probe  
  60  4:38  Resonating Glaives (Chrono Boost)  
  60  4:42  Probe  
  61  4:48  Probe  
  61  4:49  Adept x2, Pylon  
  61  4:52  Pylon  
  66  4:54  Probe  
  66  4:55  Probe  
  68  5:00  Probe  
  68  5:06  Adept x2, Probe  
  74  5:07  Probe  
  74  5:11  Adept  
  74  5:12  Adept  
  79  5:15  Probe  
  79  5:18  Probe  
  80  5:21  Probe  
  80  5:27  Probe  
  81  5:29  Adept x2  
  81  5:32  Adept x2  
  81  5:33  Probe  
  81  5:34  Probe  
  87  5:39  Probe  
  88  5:46  Robotics Facility, Probe  
  88  5:47  Forge  
  88  5:49  Probe  
  90  5:50  Gateway  
  90  5:51  Gateway  
  90  5:52  Sentry x2  
  90  5:53  Sentry x2  
  90  5:56  Pylon  
  98  6:07  Probe x2  
  98  6:09  Protoss Ground Weapons Level 1 (Chrono Boost)  
  88  6:11  Blink (Chrono Boost)  
  88  6:16  Probe  
  88  6:18  Assimilator  
  85  6:19  Assimilator  
  85  6:23  Gateway x2  
  85  6:27  Gateway  
  85  6:31  Assimilator  
  86  6:33  Observer  
  86  6:34  Stalker  
  86  6:35  Stalker x2  
  92  6:40  Adept  
  92  6:42  Probe  
  92  6:45  Gateway  
  92  6:46  Probe  
  92  6:47  Sentry  
  94  6:49  Adept  
  94  6:51  Probe  
  94  6:54  Gateway  
  97  6:55  Probe  
  97  6:58  Immortal (Chrono Boost)  
  102  7:05  Stalker  
  102  7:06  Stalker  
  106  7:19  Nexus  
  106  7:20  Pylon  
  106  7:26  Stalker  
  108  7:31  Pylon x2  
  108  7:34  Pylon  
  108  7:36  Warp Prism (Chrono Boost)  
  108  7:37  Pylon  
  108  7:41  Observer  
  108  7:42  Shield Battery, Stalker x3  
  116  7:54  Stalker x6  
  128  8:00  Probe x2  
  130  8:07  Photon Cannon  
  130  8:10  Stalker x3, Pylon  
  136  8:22  Stalker x5  
  136  8:26  Pylon x2  
  134  8:42  Stalker x4  
Show
View Real Time Build Order
Export as new Build Order

Bioice Zerg 

Build Orders: Hatch First 

Get SALT Encoding   

  12  0:00  Drone  
  13  0:12  Overlord  
  13  0:17  Drone  
  14  0:32  Drone x2  
  16  0:49  Hatchery  
  15  0:52  Drone  
  15  0:55  Drone  
  17  1:00  Drone  
  18  1:06  Extractor  
  17  1:15  Spawning Pool  
  16  1:19  Drone  
  16  1:23  Drone  
  18  1:28  Drone  
  19  1:39  Drone  
  20  1:49  Drone  
  21  2:01  Queen x2  
  21  2:03  Drone, Overlord  
  26  2:11  Drone x2  
  28  2:16  Metabolic Boost  
  28  2:22  Drone x2  
  30  2:37  Hatchery  
  30  2:42  Zergling x2  
  30  2:45  Queen  
  30  2:49  Overlord  
  32  2:53  Drone  
  32  2:54  Drone  
  32  2:57  Drone x2  
  36  3:05  Overlord  
  36  3:10  Queen  
  38  3:13  Zergling x4  
  38  3:17  Overlord  
  38  3:18  Drone  
  41  3:20  Drone  
  41  3:25  Queen  
  44  3:29  Drone x2  
  44  3:33  Spore Crawler  
  45  3:37  Drone  
  46  3:42  Drone x2  
  46  3:43  Drone x2  
  46  3:44  Drone  
  51  3:52  Drone x2  
  51  3:53  Drone  
  51  3:55  Evolution Chamber  
  52  3:56  Drone  
  52  4:02  Drone  
  51  4:06  Drone x2  
  51  4:07  Drone  
  51  4:08  Overlord  
  52  4:17  Drone  
  52  4:18  Drone x2  
  52  4:22  Zerg Melee Weapons Level 1  
  52  4:23  Drone x4  
  59  4:29  Hatchery  
  58  4:32  Drone x2  
  58  4:33  Drone  
  58  4:34  Drone  
  58  4:37  Extractor  
  57  4:44  Drone x5  
  57  4:49  Drone x3  
  57  4:50  Drone  
  57  4:52  Overlord  
  61  4:58  Overlord  
  61  5:00  Overlord  
  61  5:03  Baneling Nest  
  61  5:04  Zergling x6  
  61  5:05  Zergling x2  
  64  5:10  Zergling x8  
  64  5:11  Zergling x2  
  69  5:19  Zergling x12  
  70  5:30  Zergling x6  
  70  5:31  Zergling x6  
  70  5:34  Drone  
  76  5:38  Zergling x2  
  76  5:41  Overlord  
  77  5:43  Lair  
  77  5:44  Overlord  
  77  5:49  Zergling x8  
  81  5:56  Zergling x6  
  83  5:58  Spore Crawler  
  83  6:04  Zergling x10  
  75  6:14  Drone x5  
  75  6:15  Drone x2  
  79  6:23  Drone x2  
  81  6:27  Baneling x7  
  81  6:29  Drone  
  81  6:30  Drone x4  
  81  6:32  Overlord  
  86  6:34  Overlord  
  80  6:48  Drone x11  
  89  6:56  Drone  
  89  6:57  Drone x4  
  89  7:03  Drone x5  
  89  7:05  Spore Crawler  
  89  7:07  Drone  
  94  7:11  Roach Warren  
  94  7:12  Zergling x2  
  94  7:13  Zergling x8  
  97  7:19  Zergling x8  
  97  7:20  Extractor x2  
  96  7:28  Zergling x12, Spore Crawler  
  96  7:29  Zergling x2  
  103  7:30  Zergling x4  
  103  7:38  Drone x2  
  103  7:39  Drone  
  103  7:40  Zergling x2  
  107  7:44  Queen  
  107  7:45  Queen  
  107  7:49  Zergling x12  
  116  7:53  Zergling x2  
  116  7:54  Zergling x6  
  116  7:56  Zergling x2  
  118  8:04  Infestation Pit, Roach x4  
  118  8:05  Roach  
  127  8:08  Overlord  
  127  8:09  Overlord  
  127  8:14  Overlord  
  127  8:23  Zergling x2  
Tags
 
Add a new tag
Caveats
  • Supply blocks, unpowered buildings, or Contaminate may cause inaccurate times.
  • Supply counts are checked every 10 seconds.